 Dungeon Crawl Stone Soup version 0.30-a0-29-g142975f185 (webtiles) character file.

Game seed: 13781490591946550035

2976 Flugkiller the Cleaver (level 9, -5/117 (120) HPs)
             Began as a Minotaur Fighter on Aug 25, 2022.
             Was a Priest of Cheibriados.
             Succumbed to a gnoll sergeant's poison
             ... on level 8 of the Dungeon.
             The game lasted 00:03:33 (7904 turns).

Flugkiller the Cleaver (Minotaur Fighter)           Turns: 7904, Time: 00:03:34

HP:   -5/117 (120)  AC: 16    Str: 29 (30) XL:     9   Next: 53%
MP:   11/11         EV:  7    Int: 13      God:    Cheibriados [***...]
Gold: 550           SH:  5    Dex: 19 (21) Spells: 8/8 levels left

rFire   . . .      SeeInvis +    a - +0 war axe
rCold   + . .      Faith    .    j - +0 buckler
rNeg    . . .      Spirit   .    u - +0 plate armour
rPois   .          Reflect  .    (helmet restricted)
rElec   .          Harm     .    A - +0 cloak
rCorr   .          Rampage  .    (no gloves)
Will    .....                    (no boots)
Stlth   ..........               (no amulet)
HPRegen 0.29/turn                c - ring of protection from cold
MPRegen 0.12/turn                i - ring of see invisible

@: berserking, lethally poisoned (-5 -> -42), about to teleport, marked, lightly
drained, very slow
A: horns 2, retaliatory headbutt, iridescent scales 1, thin skeletal structure
1, clumsy 1
a: Renounce Religion, Bend Time, Temporal Distortion


You were on level 8 of the Dungeon.
You worshipped Cheibriados.
Cheibriados was most pleased with you.
You visited 1 branch of the dungeon, and saw 8 of its levels.

You collected 550 gold pieces.

Inventory:

Hand Weapons
 a - a +0 war axe (weapon)
Armour
 j - a +0 buckler (worn)
 u - a +0 plate armour (worn)
   (You found it on level 2 of the Dungeon)
 A - a +0 cloak (worn)
   (You found it on level 4 of the Dungeon)
Jewellery
 c - a ring of protection from cold (left hand)
   (You found it on level 1 of the Dungeon)
 i - a ring of see invisible (right hand)
   (You found it on level 2 of the Dungeon)
 p - a +6 ring of dexterity
   (You found it on level 2 of the Dungeon)
 H - a ring of wizardry
   (You found it on level 7 of the Dungeon)
Wands
 I - a wand of charming (12)
   (You took it off a kobold on level 7 of the Dungeon)
Scrolls
 b - 3 scrolls of amnesia {unknown}
 e - a scroll of blinking {unknown}
 f - 2 scrolls of butterflies {unknown}
 h - 3 scrolls of vulnerability {unknown}
 l - 2 scrolls of noise {unknown}
 r - 7 scrolls of identify
 t - 6 scrolls of teleportation
 w - 2 scrolls of magic mapping {unknown}
 x - a scroll of torment {unknown}
 y - a scroll of enchant weapon {unknown}
 z - 3 scrolls of enchant armour {unknown}
 C - a scroll of brand weapon {unknown}
 G - a scroll of silence {unknown}
 J - 2 scrolls of immolation {unknown}
Potions
 d - 2 potions of might
 m - 5 potions of degeneration
 n - 5 potions of attraction
 o - 2 potions of brilliance
 q - 2 potions of invisibility
 B - a potion of curing {unknown}
 D - a potion of haste {unknown}
 E - a potion of flight
 F - a potion of ambrosia {unknown}
 K - a potion of magic {unknown}


   Skills:
 + Level 7.7 Fighting
 * Level 9.9 Axes
 + Level 7.6 Armour
 + Level 4.4 Stealth
 - Level 3.6 Shields
 + Level 4.6 Invocations


You had 8 spell levels left.
You didn't know any spells.
Your spell library was empty.

Dungeon Overview and Level Annotations

Branches:
Dungeon (8/15)             Temple (0/1) D:5
   Lair: D:8-11

Altars:
Ashenzari
Cheibriados
Dithmenos
Nemelex Xobeh
Qazlal
Ru
Trog
Uskayaw
Wu Jian
Xom
Yredelemnul
The Shining One
Lugonu

Portals:
Abyss: D:4


Innate Abilities, Weirdness & Mutations

You have a pair of horns on your head.
You reflexively headbutt those who attack you in melee.
You are partially covered in iridescent scales. (AC +2)
You have a somewhat thin skeletal structure. (Dex +2, Stealth+)
You are clumsy. (Dex -2)


Message History

The centaur hits you but does no damage.
The centaur kicks you but does no damage.
You block the gnoll's attack. The wight hits you but does no damage.
The centaur hits you but does no damage.
The centaur barely misses you.
You barely miss the gnoll sergeant.
The gnoll sergeant is moderately wounded.
You hit the wight. You hit the centaur but do no damage.
The gnoll sergeant hits you with a +1 trident of venom.
You are poisoned.
The wight hits you but does no damage.
The centaur hits you but does no damage.
The centaur kicks you but does no damage.
The gnoll barely misses you.
You hit the wight.
You headbutt the wight, but do no damage.
The wight is heavily damaged.
You hit the gnoll sergeant. You hit the centaur but do no damage.
You feel sick. The centaur hits you. You block the centaur's attack.
The gnoll sergeant hits you but does no damage.
You are more poisoned.
The wight hits you with a +0 dagger. The gnoll hits you but does no damage.
The centaur hits you but does no damage.
The centaur kicks you but does no damage.
You hit the wight. Your headbutt misses the wight.
The wight is severely damaged.
You barely miss the centaur. You hit the gnoll sergeant.
You feel sick.
The centaur hits you but does no damage.
The centaur kicks you but does no damage.
The gnoll sergeant hits you but does no damage.
The wight barely misses you. The wight hits you but does no damage.
The gnoll hits you but does no damage.
You hit the wight.
The wight is severely damaged.
You slash the centaur!
You hit the gnoll sergeant but do no damage.
You feel sick.
The centaur hits you but does no damage.
The centaur kicks you but does no damage.
The gnoll sergeant hits you with a +1 trident of venom.
You are more poisoned.
The wight hits you from afar with a +3 spear.
You feel drained. You block the wight's attack.
The gnoll hits you but does no damage. The centaur hits you.
The centaur kicks you.
You closely miss the wight.
The wight is severely damaged.
You slash the centaur! You slash the gnoll sergeant!
You feel very sick.
The centaur hits you but does no damage.
The centaur kicks you but does no damage.
The gnoll sergeant barely misses you.
The wight hits you from afar with a +3 spear.
The wight hits you but does no damage. The gnoll barely misses you.
You are too injured to fight recklessly!
You are too injured to fight recklessly!
You are too injured to fight recklessly!
You are too injured to fight recklessly!
You are too injured to fight recklessly!
Unknown command.
The wight attacks as you move away! You block the wight's attack.
You feel very sick.
The centaur hits you but does no damage.
The centaur kicks you but does no damage.
You block the gnoll sergeant's attack. The centaur barely misses you.
The centaur kicks you but does no damage.
Okay, then.
As you read the scroll labelled JEDECOGEWN, it crumbles to dust.
It is a scroll of identify.
r - 7 scrolls of teleportation;
t - 7 scrolls of teleportation
r - 5 potions of degeneration;
r - 7 scrolls of identify
m - 5 potions of degeneration You feel sick.
The centaur barely misses you.
The centaur kicks you but does no damage.
The wight hits you but does no damage.
The gnoll sergeant hits you from afar with a +1 trident of venom!
* * * LOW HITPOINT WARNING * * *
You are lethally poisoned!
Okay, then.
As you read the scroll of teleportation, it crumbles to dust.
You feel strangely unstable.
* * * LOW HITPOINT WARNING * * *
You feel very sick. The centaur barely misses you.
The centaur kicks you but does no damage.
The gnoll sergeant hits you from afar with a +1 trident of venom!
* * * LOW HITPOINT WARNING * * *
You are more poisoned.
The wight hits you but does no damage.
The gnoll hits you from afar with a +0 spear.
* * * LOW HITPOINT WARNING * * *
You block the wight's attack.
The centaur hits you but does no damage.
The centaur kicks you but does no damage.
Unknown command.
It was a potion of berserk rage.
A red film seems to cover your vision as you go berserk!
Cheibriados protects you from inadvertent hurry.
You feel mighty!
You die...

.+...# #...........<...#
.##..#######'#.#.......##.#
.##........#.#.#.####..## #
##...##.##.#.....#..#....
#.........................
.........#.#.#.#.#........
...............#...........
.#..#.##.#.#.....)..........
......##........@c.#'##..
......###.#.#.###zz......
#####.# ##.#.## #gg......
####..# #.###.# #z.......
.....## ##.#.## ##.<....#
...#.## #.#.#.# ......#
...#..# ##.#.## ....#.#
...#.## #.###.# ....# #
...#.## ##.#.## .....


You could see a gnoll sergeant, a centaur, 3 wights and a gnoll.

Vanquished Creatures
  A hornet (D:8)
  Eustachio (D:6)
  A steam dragon (D:7)
  A water moccasin (D:7)
  An orc warrior (D:7)
  2 sky beasts
  2 ice beasts
  3 ogres (D:5)
  3 phantoms
  3 bullfrogs
  2 kobold brigands
  A necrophage (D:6)
  4 scorpions
  A howler monkey (D:5)
  4 hounds
  A jelly (D:6)
  An orc priest (D:5)
  An iron imp (D:8)
  A gnoll bouda (D:5)
  Terence (D:2)
  3 iguanas
  6 orc wizards
  7 adders
  11 gnolls
  A white imp (D:7)
  An ufetubus (D:6)
  2 worms
  5 dart slugs
  25 orcs
  3 ball pythons
  5 bats
  7 endoplasms
  A giant cockroach (D:4)
  7 hobgoblins
  4 quokkas
  9 frilled lizards (D:3)
  12 goblins
  2 goblin skeletons (D:8)
  A goblin zombie (D:8)
  4 hobgoblin zombies (D:8)
  20 kobolds
  A kobold skeleton (D:8)
  2 kobold zombies (D:8)
  An orc zombie (D:8)
  8 rats
  A lurking horror (D:4)
184 creatures vanquished.

Vanquished Creatures (others)
  6 plants
  4 toadstools (D:3)
10 creatures vanquished.

Grand Total: 194 creatures vanquished

Notes
Turn   | Place    | Note
-------+----------+-------------------------------------------
     0 | D:1      | Flugkiller the Minotaur Fighter began the quest for the
                  | Orb.
     0 | D:1      | Reached XP level 1. HP: 19/19 MP: 0/0
   250 | D:1      | Reached skill level 3 in Axes
   250 | D:1      | Reached XP level 2. HP: 27/27 MP: 1/1
   821 | D:2      | Reached XP level 3. HP: 33/33 MP: 2/2
   854 | D:2      | Noticed Terence
   860 | D:2      | Killed Terence
   862 | D:2      | Reached skill level 4 in Axes
  1076 | D:2      | Reached XP level 4. HP: 41/41 MP: 3/3
  1121 | D:2      | Found a faded altar of an unknown god.
  2509 | D:3      | Reached XP level 5. HP: 47/47 MP: 4/4
  3254 | D:4      | Found a snail-covered altar of Cheibriados.
  3261 | D:4      | Became a worshipper of Cheibriados the Contemplative
  3297 | D:4      | Reached skill level 5 in Axes
  3320 | D:4      | Found a shadowy altar of Dithmenos.
  3385 | D:4      | Found a corrupted altar of Lugonu.
  3387 | D:4      | Found a one-way gate to the infinite horrors of the Abyss.
  3757 | D:4      | Reached skill level 5 in Fighting
  3757 | D:4      | Reached skill level 1 in Invocations
  3757 | D:4      | Reached XP level 6. HP: 35/56 MP: 5/5
  4029 | D:5      | Entered Level 5 of the Dungeon
  4042 | D:5      | Reached skill level 5 in Armour
  4050 | D:5      | Reached skill level 1 in Stealth
  4092 | D:5      | Reached * piety under Cheibriados
  4230 | D:5      | Reached skill level 6 in Axes
  4494 | D:5      | Reached XP level 7. HP: 56/61 MP: 7/7
  4535 | D:5      | Found a bloodstained altar of Trog.
  4732 | D:5      | Found a stormy altar of Qazlal.
  4737 | D:5      | Found a sparkling altar of Nemelex Xobeh.
  4738 | D:5      | Found a basalt altar of Yredelemnul.
  4752 | D:5      | Found a sacrificial altar of Ru.
  4755 | D:5      | Found a shimmering altar of Xom.
  4967 | D:5      | Reached skill level 7 in Axes
  5084 | D:5      | Reached ** piety under Cheibriados
  5089 | D:5      | Found a staircase to the Ecumenical Temple.
  5171 | D:5      | Reached XP level 8. HP: 47/70 MP: 7/9
  5345 | D:6      | Noticed Eustachio
  5391 | D:6      | Killed Eustachio
  5711 | D:6      | Reached skill level 8 in Axes
  6393 | D:7      | Identified the +2 leather armour of Theory {Stlth+}
  6449 | D:7      | Reached skill level 9 in Axes
  6449 | D:7      | Reached XP level 9. HP: 35/79 MP: 10/10
  6693 | D:7      | Reached *** piety under Cheibriados
  6989 | D:7      | Found a broken altar of Ashenzari.
  7075 | D:7      | Found a hide-covered altar of Uskayaw.
  7087 | D:7      | Identified the +1 robe of the Divine God {Will+ Dex+3}
  7145 | D:7      | Found an ornate altar of the Wu Jian Council.
  7202 | D:8      | Paralysed by a hornet for 1 turns
  7211 | D:8      | Gained mutation: You have hidden genetic defects. [potion
                  | of mutation]
  7211 | D:8      | Gained mutation: You are clumsy. (Dex -2) [potion of
                  | mutation]
  7211 | D:8      | Gained mutation: Your muscles are strong. (Str +4, Int/Dex
                  | -1) [potion of mutation]
  7211 | D:8      | HP: 3/79 [poisoned by a hornet]
  7574 | D:8      | Lost mutation: You have hidden genetic defects. [potion of
                  | mutation]
  7574 | D:8      | Lost mutation: Your muscles are strong. (Str +4, Int/Dex
                  | -1) [potion of mutation]
  7574 | D:8      | Gained mutation: You are partially covered in iridescent
                  | scales. (AC +2) [potion of mutation]
  7574 | D:8      | Gained mutation: You have a somewhat thin skeletal
                  | structure. (Dex +2, Stealth+) [potion of mutation]
  7581 | D:8      | Found a glowing golden altar of the Shining One.
  7903 | D:8      | HP: 2/78 [gnoll sergeant/+1 trident of venom (10)]
  7904 | D:8      | Succumbed to a gnoll sergeant's poison

Illustrated notes

Levels and vault maps discovered:
D:1:      dpeg_arrival_lava_temple_mockup, layout_rooms, serial_bayou,
          serial_bayou_pond_b, serial_bayou_ford_a, serial_bayou_pond_c,
          serial_bayou_shore_a
D:2:      layout_basic, chequers_ecumenical_altar_simple,
          minmay_misc_feat_columns, uniq_terence
D:3:      layout_loops_corners, gup_sewer_entry_bubbles,
          minmay_gold_behind_fungi, minmay_lizard_king
D:4:      minmay_angry_zag, layout_rooms, mainiacjoe_overflow_cross_hatched,
          lemuel_round_altar, amcnicky_altar_lugonu_corruption
D:5:      layout_loops_ring, minmay_overflow_temple_star_hex, trog_book,
          minmay_temple_entry_nine_rooms
D:6:      layout_basic, uniq_eustachio
D:7:      layout_rooms, mainiacjoe_overflow_brackets, nzn_wu_jian_council_hall,
          eat_drink_and_be_merry_uskayaw, kennysheep_generic_room_5
D:8:      layout_basic, grunt_temple_overflow_gold_and_silver,
          nicolae_tso_besieged_by_evil, roderic_roman_lattice

Skill      XL: |  1  2  3  4  5  6  7  8  9 |
---------------+----------------------------+-----
Axes           | 3 4 5 6 7 9 |  9.9
Fighting       | 4 5 6 7 |  7.7
Armour         | 4 5 6 7 |  7.6
Invocations    | 1 2 3 4 |  4.6
Stealth        | 1 2 3 4 |  4.4
Shields        | |  3.6

Action                   |  1- 3 |  4- 6 |  7- 9 || total
-------------------------+-------+-------+-------++-------
Melee: War axe           |    57 |   172 |   225 ||   454
       Headbutt          |     9 |    19 |    46 ||    74
  Use: Potion            |       |       |    10 ||    10
       Scroll            |       |       |     2 ||     2
Armor: Scale mail        |     7 |       |       ||     7
       Chain mail        |    21 |    11 |       ||    32
       Plate armour      |       |   103 |   143 ||   246
Dodge: Dodged            |    22 |    60 |    92 ||   174
Block: Buckler           |     6 |    34 |    76 ||   116

Table legend: (Time is in decaauts)
 A = Elapsed time spent in this place.
 B = Non-inter-level travel time spent in this place.
 C = Inter-level travel time spent in this place.
 D = Time resting spent in this place.
 E = Time spent auto-exploring this place.
 F = Levels seen in this place.
 G = Mean time per level.
                   A        B        C        D        E       F      G
               +--------+--------+--------+--------+--------+-----+--------+
         Total |   9222 |   8941 |    281 |    775 |   6931 |   8 | 1152.8 |
       Dungeon |   9222 |   8941 |    281 |    775 |   6931 |   8 | 1152.8 |
               +--------+--------+--------+--------+--------+-----+--------+

Top non-repeatable levels by time:
     D:5: 1628 daAuts
     D:7: 1473 daAuts
     D:2: 1303 daAuts
     D:6: 1265 daAuts
     D:3: 1066 daAuts
     D:4: 1048 daAuts
     D:1: 857 daAuts
     D:8: 579 daAuts
